 Dungeon Crawl Stone Soup version 0.30-a0-840-ga523dec638 (webtiles) character file.

Game seed: 396059730921327521

1290 cforsyth the Covert (level 8, -1/51 HPs)
             Began as a Kobold Brigand on Mar 2, 2023.
             Was an Initiate of Hepliaklqana.
             Slain by an orc
             ... wielding a +0 short sword
              (3 damage)
             ... on level 6 of the Dungeon.
             The game lasted 00:08:39 (6976 turns).

cforsyth the Covert (Kobold Brigand)                Turns: 6976, Time: 00:08:40

Health: -1/51      AC:  7    Str:  8    XL:     8   Next: 86%
Magic:  8/8        EV: 18    Int: 13    God:    Hepliaklqana [......]
Gold:   330        SH:  0    Dex: 18    Spells: 7/7 levels left

rFire   . . .      SeeInvis .    a - +3 dagger (heavy)
rCold   . . .      Faith    .    (no shield)
rNeg    . . .      Spirit   .    b - +0 robe
rPois   .          Reflect  .    (no helmet)
rElec   .          Harm     .    c - +1 cloak
rCorr   .          Rampage  .    u - +2 pair of gloves
Will    +....                    (no boots)
Stlth   +++++                    (no amulet)
HPRegen 0.28/turn                l - ring of willpower
MPRegen 0.11/turn                (no ring)

@: hasted, very quick
A: small, no large weapons, nightstalker 3
a: Renounce Religion


You were on level 6 of the Dungeon.
You worshipped Hepliaklqana.
Hepliaklqana was noncommittal.
You visited 2 branches of the dungeon, and saw 7 of its levels.

You collected 330 gold pieces.

Inventory:

Hand Weapons
 a - a +3 heavy dagger (weapon)
Missiles
 d - 16 poisoned darts (quivered)
 e - 3 curare-tipped darts
 t - 2 throwing nets
Armour
 b - a +0 robe (worn)
 c - a +1 cloak (worn)
 u - a +2 pair of gloves (worn)
Jewellery
 l - a ring of willpower (left hand)
 s - an amulet of the acrobat
 A - a ring of magical power
 D - a +6 ring of dexterity
Wands
 w - a wand of polymorph (3)
 x - a wand of paralysis (8)
Scrolls
 g - 2 scrolls of fog
 k - 2 scrolls of identify
 p - a scroll of magic mapping
 q - a scroll of enchant armour
 v - a scroll of enchant weapon
 y - 2 scrolls of brand weapon
 z - a scroll of acquirement {unknown}
Potions
 f - 2 potions of curing {unknown}
 h - 2 potions of might
 i - a potion of degeneration {unknown}
 j - a potion of ambrosia {unknown}
 m - 3 potions of haste
 n - a potion of cancellation {unknown}
 o - 2 potions of mutation {unknown}
 r - a potion of lignification {unknown}
 B - a potion of brilliance {unknown}


   Skills:
 + Level 5.9 Fighting
 + Level 7.0 Short Blades
 - Level 2.1 Throwing
 + Level 6.0 Dodging
 + Level 9.0 Stealth


You had 7 spell levels left.
You didn't know any spells.
Your spell library contained the following spells:

 Spells                   Type           Power      Damage    Failure   Level
 Necrotise                Necr           0%         1d4       30%         1
 Lesser Beckoning         Tloc           0%         N/A       43%         2
 Gell's Gravitas          Tloc           0%         N/A       67%         3
 Stone Arrow              Conj/Erth      0%         3d7       67%         3
 Teleport Other           Tloc           0%         N/A       67%         3
 Vampiric Draining        Necr           0%         2d6       67%         3
 Animate Armour           Summ/Erth      0%         N/A       97%         4
 Agony                    Necr           0%         N/A       100%        5
 Summon Forest            Summ/Tloc      0%         N/A       100%        5
 Eringya's Noxious Bog    Tmut/Pois      0%         N/A       100%        6
 Summon Hydra             Summ           0%         N/A       100%        7
 Lehudib's Crystal Spear  Conj/Erth      0%         10d2      100%        8


Dungeon Overview and Level Annotations

Branches:
Dungeon (6/15)             Temple (1/1) D:5

Altars:
Ashenzari
Cheibriados
Dithmenos
Elyvilon
Hepliaklqana
Kikubaaqudgha
Ru
Wu Jian
Xom
Yredelemnul
Zin
The Shining One

Shops:
D:2 (

Annotations:
D:2 Sigmund
D:3 1 runed translucent door, Crazy Yiuf


Innate Abilities, Weirdness & Mutations

You are small and have problems with some larger weapons.
You are completely attuned to the shadows.


Message History

The orc priest is moderately wounded.
The orc priest closely misses you. The orc hits you with a +0 short sword.
You hit the orc priest but do no damage.
The orc priest is moderately wounded.
You hit the orc priest.
The orc priest is severely wounded.
The orc misses you.
The orc priest invokes the aid of Beogh against you.
Pain shoots through your body!
You hit the orc priest.
The orc priest is severely wounded.
The orc misses you.
The orc wizard gestures at you while chanting.
The puff of flame hits you! The orc priest completely misses you.
You are too injured to fight recklessly!
You are too injured to fight recklessly!
You are too injured to fight recklessly!
You are too injured to fight recklessly!
You are too injured to fight recklessly!
You are too injured to fight recklessly!
You are too injured to fight recklessly!
You closely miss the orc priest.
The orc priest is severely wounded.
The orc wizard gestures at you while chanting.
The puff of flame hits you. The orc closely misses you.
The orc hits you but does no damage.
The orc priest calls down the wrath of Beogh upon you.
Beogh smites you!
* * * LOW HITPOINT WARNING * * *
You puncture the orc priest!
You kill the orc priest!
The orc wizard gestures at you while chanting.
The puff of flame hits you.
* * * LOW HITPOINT WARNING * * *
The orc barely misses you. The orc hits you but does no damage.
Your Stealth skill increases to level 9!
It was a potion of haste.
You feel yourself speed up.
The orc wizard hits you but does no damage.
The orc hits you with a +0 short sword.
You die...

#....##.. #..#
#........ #..#
#...<..# #..###
#...#### ##....##
#...########...!...
#..................
##..............###
##....).o.....##
#......o@....#
#......o)##..##
..###..)####..#
#...## ##.##
#....## ##.##
#.....## #..####
#.###..####...).
#.# ##..###..... #.
##.........


You could see an orc wizard and 2 orcs.

Vanquished Creatures
  Eustachio (D:6)
  Menkaure (D:6)
  A water moccasin (D:6)
  An ogre (D:4)
  2 centaurs
  A necrophage (D:4)
  A scorpion (D:5)
  A vampire bat (D:4)
  A howler monkey (D:3)
  A jelly (D:5)
  4 orc priests
  A hound (D:5)
  4 orc wizards
  4 adders
  9 gnolls (D:3)
  An ufetubus (D:5)
  A worm (D:5)
  3 dart slugs
  7 orcs
  8 endoplasms
  2 giant cockroaches
  A goblin (D:1)
  5 hobgoblins
  4 jackals (D:3)
  2 kobolds
  3 quokkas
  9 ball pythons
  11 bats
  5 frilled lizards
  4 rats
  A spectral orc (D:5)
100 creatures vanquished.

Notes
Turn   | Place    | Note
-------+----------+-------------------------------------------
     0 | D:1      | cforsyth the Kobold Brigand began the quest for the Orb.
     0 | D:1      | Reached XP level 1. HP: 12/12 MP: 1/1
   128 | D:1      | Reached XP level 2. HP: 18/18 MP: 2/2
   329 | D:1      | Reached XP level 3. HP: 22/22 MP: 3/3
   753 | D:2      | Found Maor's Weapon Shoppe.
  1291 | D:2      | Noticed Sigmund
  1730 | D:2      | Reached XP level 4. HP: 27/27 MP: 4/4
  2678 | D:3      | Found a shimmering altar of Xom.
  2704 | D:3      | Reached skill level 6 in Stealth
  2760 | D:3      | You fall into a shaft and drop 1 floor!
  2762 | D:4      | Noticed a necrophage
  2781 | D:4      | Killed a necrophage
  2782 | D:4      | Reached XP level 5. HP: 25/32 MP: 5/5
  2843 | D:4      | Found a white marble altar of Elyvilon.
  2899 | D:4      | Noticed an ogre
  2903 | D:4      | Killed an ogre
  2904 | D:4      | Reached XP level 6. HP: 38/38 MP: 6/6
  3345 | D:3      | Reached skill level 5 in Short Blades
  3345 | D:3      | Reached skill level 7 in Stealth
  3345 | D:3      | Reached XP level 7. HP: 43/43 MP: 7/7
  3434 | D:3      | Found the +5 woodcutter's axe
  3625 | D:3      | Found a shimmering altar of Xom.
  3625 | D:3      | Found a shimmering altar of Xom.
  3626 | D:3      | Found a shimmering altar of Xom.
  4553 | D:3      | Found a snail-covered altar of Cheibriados.
  4890 | D:3      | Found a runed translucent door.
  4893 | D:3      | Noticed Crazy Yiuf
  5729 | D:5      | Entered Level 5 of the Dungeon
  5833 | D:5      | Found a basalt altar of Yredelemnul.
  5883 | D:5      | Reached skill level 5 in Fighting
  5883 | D:5      | Reached skill level 5 in Dodging
  5883 | D:5      | Reached skill level 8 in Stealth
  5883 | D:5      | Reached XP level 8. HP: 49/49 MP: 8/8
  6475 | D:5      | Found a staircase to the Ecumenical Temple.
  6531 | Temple   | Entered the Ecumenical Temple
  6595 | Temple   | Became a worshipper of Hepliaklqana the Forgotten
  6730 | D:6      | Noticed Eustachio
  6734 | D:6      | Killed Eustachio
  6737 | D:6      | Noticed Menkaure
  6753 | D:6      | Killed Menkaure
  6975 | D:6      | HP: 1/51 [orc wizard/puff of flame (6)]
  6976 | D:6      | Reached skill level 9 in Stealth
  6976 | D:6      | Slain by an orc

Illustrated notes

Levels and vault maps discovered:
D:1:      dpeg_arrival_simpleton_b, layout_rooms
D:2:      layout_loops_ring, serial_shops, nicolae_shop_bloodbath_and_beyond,
          grunt_ministairs_3, uniq_sigmund
D:3:      layout_loops_cross, kennysheep_slug_shrine, xom_redecorated,
          kennysheep_pointless_box, kennysheep_nub,
          pf_guarded_unrand_woodcutter, uniq_crazy_yiuf_cottage
D:4:      layout_layer_cave, elyvilon_altar_4, roderic_batcave
D:5:      layout_loops_ring, yredelemnul_forgotten_temple_becter,
          minmay_temple_entry_nine_rooms, bh_walls_and_bars
D:6:      layout_layer_cave, old_standard_altar, fedhas_altar_2,
          amethyst_overflow_temple_binary, minmay_manual_mess, uniq_menkaure,
          uniq_eustachio
Temple:   nicolae_temple_godpark

Skill      XL: |  1  2  3  4  5  6  7  8 |
---------------+-------------------------+-----
Short Blades   | 3 4 5 6 7 |  7.0
Dodging        | 2 3 4 5 6 |  6.0
Stealth        | 6 7 8 9 |  9.0
Fighting       | 3 4 5 |  5.9
Throwing       | |  2.1

Action                     |  1- 3 |  4- 6 |  7- 9 || total
---------------------------+-------+-------+-------++-------
  Melee: Dagger            |    88 |    64 |   180 ||   332
         Punch             |       |     2 |     3 ||     5
    Use: Potion            |       |     1 |     1 ||     2
         Scroll            |       |       |    10 ||    10
   Stab: Sleeping          |    15 |     8 |    15 ||    38
         Distracted        |       |       |     1 ||     1
 Armour: Robe              |    24 |    12 |    50 ||    86
  Dodge: Dodged            |    69 |    34 |   158 ||   261

Table legend: (Time is in decaauts)
 A = Elapsed time spent in this place.
 B = Non-inter-level travel time spent in this place.
 C = Inter-level travel time spent in this place.
 D = Time resting spent in this place.
 E = Time spent auto-exploring this place.
 F = Levels seen in this place.
 G = Mean time per level.
                   A        B        C        D        E       F      G
               +--------+--------+--------+--------+--------+-----+--------+
         Total |   6979 |   6651 |    328 |   1524 |   4037 |   7 |  997.0 |
       Dungeon |   6803 |   6488 |    315 |   1524 |   3888 |   6 | 1133.8 |
        Temple |    175 |    162 |     13 |      0 |    149 |   1 |  175.0 |
               +--------+--------+--------+--------+--------+-----+--------+

Top non-repeatable levels by time:
     D:1: 1716 daAuts
     D:2: 1507 daAuts
     D:3: 1391 daAuts
     D:4: 1105 daAuts
     D:5: 835 daAuts
     D:6: 247 daAuts
  Temple: 175 daAuts
